 Dungeon Crawl Stone Soup version 0.28.0-1-gb440e238dd (webtiles) character file.

Game seed: 13489060671150474386

203 fragbeetle the Changer (level 5, -5/40 HPs)
             Began as a Draconian Transmuter on Feb 25, 2022.
             Slain by an orc (20 damage)
             ... on level 4 of the Dungeon.
             The game lasted 00:04:41 (3989 turns).

fragbeetle the Changer (Draconian Transmuter)       Turns: 3989, Time: 00:04:42

Health: -5/40      AC:  5    Str: 12    XL:     5   Next: 51%
Magic:  8/8        EV: 16    Int: 13    God:
Gold:   188        SH:  0    Dex: 14    Spells: 0/8 levels left

rFire   . . .      SeeInvis .     - Unarmed
rCold   . . .      Faith    .   (no shield)
rNeg    . . .      Spirit   .   (armour unavailable)
rPois   .          Reflect  .   (helmet restricted)
rElec   .          Harm     .   (no cloak)
rCorr   .          Rampage  .   (no gloves)
Will    .....                   (no boots)
Stlth   +.........              (no amulet)
HPRegen 0.13/turn               b - +4 ring of evasion
MPRegen 0.11/turn               (no ring)

@: no status effects
A: AC +5, unfitting armour, cold-blooded
a: no special abilities


You were on level 4 of the Dungeon.
You visited 1 branch of the dungeon, and saw 4 of its levels.

You collected 188 gold pieces.

Inventory:

Hand Weapons
 n - the +9 hunting sling "Gasit" {freeze, Fragile rElec rPois Will+}
   (You found it on level 4 of the Dungeon)

   Any ammunition fired from it freezes those it strikes, dealing additional
   cold damage.
   It can also slow down cold-blooded creatures.
   rElec:     It insulates you from electricity.
   rPois:     It protects you from poison.
   Fragile:   It will be destroyed if unequipped.
   Will:      It increases your willpower.
Jewellery
 b - a +4 ring of evasion (left hand)
 d - a ring of protection from fire
Scrolls
 a - 3 scrolls of identify {unknown}
 c - a scroll of holy word {unknown}
 e - 2 scrolls of vulnerability {unknown}
 f - a scroll of immolation {unknown}
 g - 2 scrolls of fog {unknown}
 i - a scroll of magic mapping {unknown}
Potions
 h - a potion of magic {unknown}
 j - a potion of curing {unknown}
 k - a potion of attraction {unknown}
 l - a potion of haste
 m - a potion of brilliance {unknown}


   Skills:
 - Level 1.1 Fighting
 - Level 1.7 Dodging
 - Level 4.0 Unarmed Combat
 - Level 2.0 Spellcasting
 * Level 4.3 Transmutations
 + Level 0.0 Ice Magic
 + Level 2.6 Poison Magic


You couldn't memorise any spells.
You knew the following spells:

 Your Spells              Type           Power      Damage    Failure   Level
a - Beastly Appendage     Tmut           24%        N/A       4%          1
b - Spider Form           Tmut/Pois      10%        N/A       19%         3
c - Ice Form              Ice/Tmut       6%         N/A       71%         4

Your spell library contained the following spells:

 Spells                   Type           Power      Damage    Failure   Level
 Wereblood                Tmut           12%        N/A       7%          2
 Animate Dead             Necr           0%         N/A       94%         4
 Haunt                    Necr/Summ      0%         N/A       100%        7
 Infestation              Necr           0%         N/A       100%        8


Dungeon Overview and Level Annotations

Branches:
Dungeon (4/15)
 Temple: D:4-7

Altars:
Fedhas

Annotations:
D:2 Sigmund


Innate Abilities, Weirdness & Mutations

Your plain brown scales are hard. (AC +5)
You cannot fit into any form of body armour.
You are cold-blooded and may be slowed by cold attacks.


Message History

You tail-slap the centaur skeleton.
The centaur skeleton is heavily damaged.
The centaur skeleton completely misses you. x2
You hit the centaur skeleton. You claw the centaur skeleton!
You headbutt the centaur skeleton.
You destroy the centaur skeleton!
The ball python bites you but does no damage.
The ball python misses you.
You hit the ball python. You headbutt the ball python.
You kill the ball python!
No target in view!
No target in view!
Your transformation is almost over.
You open the door.
There is an open door here.
You now have 135 gold pieces (gained 10).
You now have 150 gold pieces (gained 15).
Your horns disappear.
Your talons disappear.
You now have 163 gold pieces (gained 13).
You now have 171 gold pieces (gained 8).
You now have 188 gold pieces (gained 17).
You see here 8 gold pieces.
You see here 17 gold pieces.
There is an open door here.
An orc comes into view.
It is wielding a +1 short sword of electrocution.
The orc shouts!
The orc drinks a potion.
The orc seems to speed up.
Casting: Beastly Appendage (safe; 4% risk of failure)
Confirm with . or Enter, or press ? or * to list all spells.
Okay, then.
The orc reads a scroll.
Wisps of shadow swirl around the orc.
The gnoll shouts! x2
The orc hits you with a +1 short sword of electrocution.
You hit the orc.
The orc is severely wounded.
The orc hits you but does no damage.
You are electrocuted!
The orc hits you with a +1 short sword of electrocution.
You are electrocuted!!
Ouch! That really hurt!
You die...

##...................# #. ##
##.<###...............#####
#.###..##.......#######.....###
##...#..)........#.....#........
#......###.......#...$$#.##.....
##..##...##.#....'.._..#........
##.###..#..#....#.....#..#.....
### #.##......#.....#.#...#..
.......@.#######....##..
..#.##...oK.......#.###.. .
#####.g.Sg......#####..
##..g..##......#...
#.................
##......##....#...
#.##....#........ ...
.......###..# ..##.....#####...


You could see 3 gnolls, an adder (summoned), an orc (fast) and a kobold
(summoned).

Vanquished Creatures
  A centaur skeleton (D:4)
  5 gnolls
  4 adders
  A worm (D:4)
  2 dart slugs
  2 orcs
  9 endoplasms
  2 giant cockroaches
  5 goblins
  6 hobgoblins
  2 jackals (D:2)
  5 quokkas
  12 ball pythons
  5 bats
  7 frilled lizards
  7 kobolds
  6 rats
81 creatures vanquished.

Notes
Turn   | Place    | Note
-------+----------+-------------------------------------------
     0 | D:1      | fragbeetle the Draconian Transmuter began the quest for the
                  | Orb.
     0 | D:1      | Reached XP level 1. HP: 16/16 MP: 3/3
   247 | D:1      | Reached XP level 2. HP: 19/23 MP: 1/5
  1167 | D:2      | Reached XP level 3. HP: 21/28 MP: 6/6
  1318 | D:2      | Noticed Sigmund
  1575 | D:2      | Found a faded altar of an unknown god.
  1701 | D:1      | Learned a level 3 spell: Spider Form
  2094 | D:2      | Reached XP level 4. HP: 30/35 MP: 5/7
  2204 | D:2      | Reached skill level 1 in Poison Magic
  3277 | D:3      | Reached XP level 5. HP: 40/40 MP: 8/8
  3722 | D:4      | Learned a level 4 spell: Ice Form
  3752 | D:4      | Noticed an ogre
  3937 | D:4      | Identified the +9 hunting sling "Gasit" {freeze, Fragile
                  | rElec rPois Will+}
  3948 | D:4      | Found a blossoming altar of Fedhas.
  3989 | D:4      | Slain by an orc

Illustrated notes

Levels and vault maps discovered:
D:1:      dpeg_arrival_solitude, layout_basic
D:2:      layout_basic, shapermc_ecumenical_altar_petra, grunt_decor_clamped,
          grunt_ministairs_2, cheibrodos_gnoll_hut, uniq_sigmund
D:3:      layout_loops_cross, minmay_surrounded
D:4:      layout_cave_pools, amcnicky_altar_gilded

Skill      XL: |  1  2  3  4  5 |
---------------+----------------+-----
Transmutations | 3 4 |  4.3
Unarmed Combat | 4 |  4.0
Poison Magic   | 1 2 |  2.6
Fighting       | |  1.1
Dodging        | |  1.7
Spellcasting   | |  2.0

Action                   |  1- 3 |  4- 6 || total
-------------------------+-------+-------++-------
Melee: Unarmed           |    84 |    98 ||   182
       Kick              |    19 |    19 ||    38
       Headbutt          |     9 |    10 ||    19
       Tailslap          |     6 |    11 ||    17
       Punch             |     2 |     2 ||     4
 Cast: Beastly Appendage |    23 |    30 ||    53
 Stab: Sleeping          |     1 |       ||     1
Armor: Skin              |    14 |    15 ||    29
Dodge: Dodged            |    58 |    78 ||   136
